 Dungeon Crawl Stone Soup version 0.29.1-12-g30fa7ad0bf (webtiles) character file.

Game seed: 7265042811277890392

136 wormed the Ruffian (level 4, -2/42 HPs)
             Began as a Troll Gladiator on Dec 23, 2022.
             Frozen to death by 0gre's ghost (11 damage)
             ... on level 2 of the Dungeon.
             The game lasted 00:01:23 (1644 turns).

wormed the Ruffian (Troll Gladiator)                Turns: 1644, Time: 00:01:24

Health: -2/42      AC:  4    Str: 24    XL:     4   Next: 98%
Magic:  3/3        EV: 14    Int:  4    God:
Gold:   131        SH:  0    Dex: 11    Spells: 3/3 levels left

rFire   . . .      SeeInvis .     - Unarmed
rCold   . . .      Faith    .   (no shield)
rNeg    . . .      Spirit   .   a - +0 robe
rPois   .          Reflect  .   b - +0 hat
rElec   .          Harm     .   (no cloak)
rCorr   .          Rampage  .   (gloves unavailable)
Will    .....                   (boots unavailable)
Stlth   +.........              (no amulet)
HPRegen 0.94/turn               h - +4 ring of evasion
MPRegen 0.08/turn               (no ring)

@: no status effects
A: large, unfitting armour, claws 3, regeneration 1, shaggy fur 1, tough skin 1
a: no special abilities


You were on level 2 of the Dungeon.
You visited 1 branch of the dungeon, and saw 3 of its levels.

You collected 131 gold pieces.

Inventory:

Missiles
 c - 3 throwing nets (quivered)
 d - a large rock
Armour
 a - a +0 robe (worn)
 b - a +0 hat (worn)
Jewellery
 h - a +4 ring of evasion (left claw)
Scrolls
 e - 4 scrolls of identify {unknown}
 f - a scroll of noise {unknown}
 g - a scroll of amnesia {unknown}
 i - a scroll of torment {unknown}
 k - 2 scrolls of enchant armour {unknown}
 p - a scroll of magic mapping {unknown}
 r - 2 scrolls of vulnerability {unknown}
Potions
 j - 2 potions of magic {unknown}
 l - 2 potions of curing {unknown}
 m - a potion of haste {unknown}
 n - 3 potions of might {unknown}
 o - 2 potions of cancellation {unknown}
 q - a potion of brilliance {unknown}


   Skills:
 + Level 2.2 Fighting
 + Level 2.4 Throwing
 + Level 1.2 Armour
 + Level 2.9 Dodging
 * Level 4.1 Unarmed Combat


You had 3 spell levels left.
You didn't know any spells.
Your spell library contained the following spells:

 Spells                   Type           Power      Damage    Failure   Level
 Beastly Appendage        Tmut           0%         N/A       50%         1
 Wereblood                Tmut           0%         N/A       65%         2
 Spider Form              Tmut/Pois      0%         N/A       86%         3


Dungeon Overview and Level Annotations

Branches:
Dungeon (3/15)

Altars:
Trog
Zin

Annotations:
D:2 0gre's ghost, amateur GnIE


Innate Abilities, Weirdness & Mutations

You are too large for most types of armour.
You have claws for hands.
Your natural rate of healing is unusually fast.
You are covered in fur. (AC +1)
You have tough skin. (AC +1)


Message History

0gre's ghost is lightly damaged.
The bullfrog skeleton closely misses you.
You closely miss 0gre's ghost. 0gre's ghost is lightly damaged.
The bullfrog skeleton hits you but does no damage.
You completely miss 0gre's ghost. 0gre's ghost is lightly damaged.
The bullfrog skeleton closely misses you. 0gre's ghost hits you!
You scratch 0gre's ghost but do no damage. 0gre's ghost is lightly damaged.
The bullfrog skeleton barely misses you. 0gre's ghost barely misses you.
The bullfrog skeleton barely misses you.
You miss 0gre's ghost. 0gre's ghost is lightly damaged. 0gre's ghost hits you!
The bullfrog skeleton hits you but does no damage.
You closely miss 0gre's ghost. 0gre's ghost is lightly damaged. 0gre's ghost closely misses you.
The bullfrog skeleton hits you. 0gre's ghost freezes you.
You are frozen!
* * * LOW HITPOINT WARNING * * *
There is a stone staircase leading up here.
The bullfrog skeleton hits you but does no damage. 0gre's ghost freezes you.
You are frozen.
* * * LOW HITPOINT WARNING * * *
The bullfrog skeleton misses you.
You climb upwards.
There is a stone staircase leading down here.
You closely miss 0gre's ghost. 0gre's ghost is lightly damaged. 0gre's ghost closely misses you.
You claw 0gre's ghost! 0gre's ghost is moderately damaged. 0gre's ghost freezes you.
You are frozen!
You die...

####..# #.#..#.##........
#.....## #................
#......##### ##.####........... #
#..........###..# #...........
###....รท.###>..#..# #......#####
.........#####....####......### #
##.........###..#.##....##....# #
##.##.####.....W#....|#####...###
.)..#.....##<...@.....# ##..##.
#...#####.............# ###.#..
##..### ####..........# #......
##...######..........#####......
###.......^....................
##.............[..##<........
##......................)...
#......[............#......
#######......####.......###...>..


You could see 0gre's ghost.

Vanquished Creatures
  A hound (D:3)
  Jessica (D:3)
  2 adders
  2 worms
  A dart slug (D:1)
  7 ball pythons
  9 endoplasms
  4 goblins
  4 hobgoblins
  5 jackals
  2 quokkas
  3 bats
  A frilled lizard (D:2)
  6 kobolds
  4 rats
52 creatures vanquished.

Notes
Turn   | Place    | Note
-------+----------+-------------------------------------------
     0 | D:1      | wormed the Troll Gladiator began the quest for the Orb.
     0 | D:1      | Reached XP level 1. HP: 19/19 MP: 0/0
   147 | D:1      | Reached XP level 2. HP: 23/28 MP: 1/1
   361 | D:1      | Found a faded altar of an unknown god.
   630 | D:2      | Reached XP level 3. HP: 35/35 MP: 2/2
   967 | D:3      | Noticed Jessica
   972 | D:3      | Killed Jessica
   973 | D:3      | Reached skill level 1 in Armour
   973 | D:3      | Reached XP level 4. HP: 42/42 MP: 3/3
  1008 | D:3      | Reached skill level 4 in Unarmed Combat
  1157 | D:3      | Found a bloodstained altar of Trog.
  1187 | D:3      | Found a runed translucent gate.
  1189 | D:3      | Found a runed translucent gate.
  1196 | D:3      | Found a runed translucent gate.
  1196 | D:3      | Noticed 0gre's ghost (amateur GnIE)
  1478 | D:3      | Found a glowing silver altar of Zin.
  1644 | D:2      | Frozen to death by 0gre's ghost

Illustrated notes

Levels and vault maps discovered:
D:1:      minmay_arrival_five_plusses, layout_loops_ring,
          ebering_ecumenical_altar_hall, corexii_item_surrounded_by_moat
D:2:      layout_rooms
D:3:      layout_basic, mainiacjoe_overflow_surrounded_room, zin_treasury,
          gammafunk_ghost_necromancy, uniq_jessica

Skill      XL: |  1  2  3  4 |
---------------+-------------+-----
Throwing       | 2 |  2.4
Fighting       | 2 |  2.2
Armour         | 1 |  1.2
Unarmed Combat | 4 |  4.1
Dodging        | |  2.9

Action                   |  1- 3 |  4- 6 || total
-------------------------+-------+-------++-------
Melee: Unarmed           |    74 |    45 ||   119
       Punch             |     1 |       ||     1
Armor: Robe              |    21 |     7 ||    28
Dodge: Dodged            |    30 |    28 ||    58
